 Dungeon Crawl Stone Soup version 0.30-a0-845-g7c6808c8ce (webtiles) character file.

Game seed: 9268365774597622718

195 Smoke131 the Firebug (level 5, 0/42 HPs)
             Began as a Draconian Fire Elementalist on Mar 3, 2023.
             Succumbed to an adder's poison
             ... on level 2 of the Dungeon.
             The game lasted 00:06:51 (2780 turns).

Smoke131 the Firebug (Draconian Fire Elementalist)  Turns: 2780, Time: 00:06:51

Health: 0/42       AC:  5    Str: 11    XL:     5   Next: 45%
Magic:  2/9        EV: 12    Int: 17    God:
Gold:   148        SH:  0    Dex: 11    Spells: 6/9 levels left

rFire   . . .      SeeInvis .    o - +3 dagger
rCold   . . .      Faith    .    (no shield)
rNeg    . . .      Spirit   .    (body armour unavailable)
rPois   .          Reflect  .    (helmet restricted)
rElec   .          Rampage  .    (no cloak)
rCorr   .                        (no gloves)
Will    .....                    (no boots)
Stlth   ++                       (no amulet)
HPRegen 0.27/turn                (no ring)
MPRegen 0.11/turn                (no ring)

@: lethally poisoned (0 -> -6), very slightly contaminated
A: AC +5, unfitting armour, cold-blooded
a: no special abilities


You were on level 2 of the Dungeon.
You visited 1 branch of the dungeon, and saw 3 of its levels.

You collected 148 gold pieces.

Inventory:

Hand Weapons
 o - a +3 dagger (weapon)
Scrolls
 c - a scroll of teleportation
 d - a scroll of identify
Potions
 a - a potion of ambrosia
 b - a potion of attraction
 j - a potion of mutation
 l - a potion of haste
 m - a potion of cancellation


   Skills:
 + Level 2.3 Fighting
 + Level 2.8 Dodging
 - Level 1.7 Stealth
 + Level 2.9 Spellcasting
 + Level 2.4 Conjurations
 + Level 3.8 Fire Magic


You had 6 spell levels left.
You knew the following spells:

 Your Spells              Type           Power      Damage    Failure   Level
a - Foxfire               Conj/Fire      52%        2x1d6     4%          1
b - Scorch                Fire           30%        2d7       5%          2

Your spell library contained the following spells:

 Spells                   Type           Power      Damage    Failure   Level
 Inner Flame              Hex/Fire       8%         N/A       24%         3
 Sublimation of Blood     Necr           2%         N/A       26%         2
 Kindle Blastsparks       Fire/Tloc/Air  12%        2d11      30%         3
 Flame Wave               Conj/Fire      13%        2d6       43%         4
 Leda's Liquefaction      Hex/Erth       1%         N/A       87%         4
 Petrify                  Tmut/Erth      2%         N/A       87%         4
 Irradiate                Conj/Tmut      3%         3d12      96%         5
 Lee's Rapid Deconstruct  Erth           1%         3d4*      99%         5
 Statue Form              Tmut/Erth      1%         N/A       100%        6


Dungeon Overview and Level Annotations

Branches:
Dungeon (3/15)

Altars:

Annotations:
D:3 Grinder


Innate Abilities, Weirdness & Mutations

Your plain brown scales are hard. (AC +5)
You cannot fit into any form of body armour.
You are cold-blooded and may be slowed by cold attacks.


Message History

Grinder says, "DUCK!"
Grinder closely misses you.
Casting: Scorch (safe; 5% risk of failure)
Confirm with . or Enter, or press ? or * to list all spells.
You miscast Scorch.
You are very lightly contaminated with residual magic.
Nothing appears to happen.
Grinder gestures at you. Pain shoots through your body!
Casting: Scorch (safe; 5% risk of failure)
Confirm with . or Enter, or press ? or * to list all spells.
You don't have enough magic to cast this spell.
You closely miss Grinder.
Grinder is almost dead.
The adder bites you but does no damage. Grinder hits you.
You writhe in agony.
You closely miss Grinder.
Your tail-slap misses Grinder.
Grinder is almost dead.
The adder closely misses you. x2; Grinder misses you.
You barely miss Grinder.
Grinder is almost dead.
The adder bites you.
Grinder blinks!
You hit the adder.
The adder is moderately wounded.
The adder bites you but does no damage. Grinder gestures at you.
Pain shoots through your body!
You miss the adder.
Your tail-slap misses the adder.
The adder is moderately wounded.
The adder misses you. Grinder gestures at you. Pain shoots through your body!
* * * LOW HITPOINT WARNING * * *
The adder bites you.
* * * LOW HITPOINT WARNING * * *
The adder bites you.
* * * LOW HITPOINT WARNING * * *
You are lethally poisoned!
The adder poisons you!
You climb upwards.
You die...

# ############# #
#...........# ####
#.#########.#### ...#
#.#............### .#.#
#######.#.##............
...###
##...##....##.####.##.###
.....# #..............#
#.##.# #
.[.#.####....##..####.##
#.##.# # ..............#.@#
### #.##.###
##.#.####.###.#.S######
#.##...) ##.#.# #.#
#.........####.######
##.#.####.###.#............#
#
#.#..........#..####.######
# #.######.#####[.# #.# #
#.# #.# #.(# #.# # #.#
#.#####..####.# #.#
#.............######


You could see an adder.

Vanquished Creatures
  2 jellies (D:2)
  Jessica (D:2)
  3 adders (D:2)
  3 worms (D:2)
  5 ball pythons
  14 endoplasms
  3 giant cockroaches
  4 goblins
  4 hobgoblins
  2 jackals (D:3)
  2 quokkas
  5 bats
  3 frilled lizards (D:1)
  14 kobolds
  6 rats
71 creatures vanquished.

Vanquished Creatures (others)
  61 foxfires
  2 fungi (D:2)
  5 toadstools (D:2)
68 creatures vanquished.

Grand Total: 139 creatures vanquished

Notes
Turn   | Place    | Note
-------+----------+-------------------------------------------
     0 | D:1      | Smoke131 the Draconian Fire Elementalist began the quest
                  | for the Orb.
     0 | D:1      | Reached XP level 1. HP: 14/14 MP: 3/3
   294 | D:1      | Reached XP level 2. HP: 22/22 MP: 0/5
   324 | D:1      | Learned a level 2 spell: Scorch
   568 | D:1      | Reached skill level 1 in Fighting
   931 | D:2      | Reached XP level 3. HP: 24/28 MP: 2/6
  1564 | D:2      | Reached XP level 4. HP: 25/35 MP: 0/7
  1895 | D:2      | Reached XP level 5. HP: 24/41 MP: 3/9
  2156 | D:2      | Noticed Jessica
  2163 | D:2      | Killed Jessica
  2337 | D:3      | Noticed Grinder
  2779 | D:3      | HP: 2/42 [adder (4)]
  2780 | D:2      | Succumbed to an adder's poison

Illustrated notes

Levels and vault maps discovered:
D:1:      dpeg_arrival_arbitrary_a, layout_rooms, minmay_small_reverse_x
D:2:      cheibrodos_fertilizer, layout_loops_ring, uniq_jessica
D:3:      layout_basic, marbit_many_paths, chequers_serial_rivers_micro_c,
          due_unseen_surprise, uniq_grinder

Skill      XL: |  1  2  3  4 |
---------------+-------------+-----
Dodging        | 2 |  2.8
Fighting       | 1 2 |  2.3
Conjurations   | 2 |  2.4
Stealth        | |  1.7
Spellcasting   | |  2.9
Fire Magic     | |  3.8

Action                     |  1- 3 |  4- 6 || total
---------------------------+-------+-------++-------
  Melee: Dagger            |    36 |    49 ||    85
         Tailslap          |     7 |     4 ||    11
         Punch             |     1 |       ||     1
         Short sword       |    21 |    17 ||    38
   Cast: Foxfire           |    31 |     7 ||    38
         Scorch            |    13 |    15 ||    28
    Use: Potion            |       |     1 ||     1
         Scroll            |       |    14 ||    14
   Stab: Sleeping          |     1 |     1 ||     2
 Armour: Skin              |    35 |    22 ||    57
  Dodge: Dodged            |    67 |    36 ||   103

Table legend: (Time is in decaauts)
 A = Elapsed time spent in this place.
 B = Non-inter-level travel time spent in this place.
 C = Inter-level travel time spent in this place.
 D = Time resting spent in this place.
 E = Time spent auto-exploring this place.
 F = Levels seen in this place.
 G = Mean time per level.
                   A        B        C        D        E       F      G
               +--------+--------+--------+--------+--------+-----+--------+
         Total |   2783 |   2665 |    118 |    198 |   1758 |   3 |  927.7 |
       Dungeon |   2783 |   2665 |    118 |    198 |   1758 |   3 |  927.7 |
               +--------+--------+--------+--------+--------+-----+--------+

Top non-repeatable levels by time:
     D:2: 1581 daAuts
     D:1: 917 daAuts
     D:3: 284 daAuts
